 Dungeon Crawl Stone Soup version 0.26-a0-690-gcb57259078 (webtiles) character file.

Game seed: 6445330752651785369

25090 Notrik the Warrior (level 12, -3/126 HPs)
             Began as a Minotaur Berserker on Oct 24, 2020.
             Was a High Priest of Trog.
             Slain by an entropy weaver (10 damage)
             ... on level 12 of the Dungeon.
             The game lasted 00:31:48 (12822 turns).

Notrik the Warrior (Minotaur Berserker)            Turns: 12822, Time: 00:31:48

Health: -3/126     AC: -23   Str: 27    XL:     12   Next: 86%
Magic:  11/11      EV:  6    Int:  4    God:    Trog [*****.]
Gold:   513        SH: 19    Dex: 10    Spells: 11/11 levels left

rFire    + . .     SeeInvis .   Q - +3 broad axe
rCold    + . .     Faith    .   t - +0 tower shield
rNeg     . . .     Spirit   .   I - +3 plate armour
rPois    .         Reflect  .   (helmet restricted)
rElec    .         Harm     .   p - +1 cloak
rCorr    .         Rampage  .   (no gloves)
MR       ++...                  (no boots)
Stlth    ..........             e - amulet of regeneration
HPRegen  1.71/turn              i - ring of protection from fire
MPRegen  0.12/turn              o - ring of protection from cold

@: lethally poisoned (-3 -> -3), corroded, berserk cooldown, regenerating
(expiring), slowed, very slow
A: retaliatory headbutt, horns 2
a: Berserk, Trog's Hand, Brothers in Arms, Renounce Religion


You were on level 12 of the Dungeon.
You worshipped Trog.
Trog was extremely pleased with you.
You visited 1 branch of the dungeon, and saw 12 of its levels.
You also visited: Bailey and Ice Cave.

You collected 789 gold pieces.
You spent 276 gold pieces at shops.

Inventory:

Hand Weapons
 j - a +4 war axe of flaming
   (Trog gifted it to you in an ice cave)
 Q - a +3 broad axe (weapon)
   (You took it off an orc warrior on level 8 of the Dungeon)
Armour
 a - the +1 ring mail "Ipoegh" {rElec MP+9}
   (You found it on level 10 of the Dungeon)

   It insulates you from electricity.
   It affects your magic capacity (+9).
 p - a +1 cloak (worn)
   (You took it off Maurice on level 9 of the Dungeon)
 t - a +0 tower shield (worn)
   (You found it on level 9 of the Dungeon)
 I - a +3 plate armour (worn)
   (You found it on level 12 of the Dungeon)
Jewellery
 e - an amulet of regeneration (around neck)
   (You found it on level 5 of the Dungeon)
 i - a ring of protection from fire (left hand)
   (You found it on level 11 of the Dungeon)
 o - a ring of protection from cold (right hand)
   (You found it on level 8 of the Dungeon)
 E - an uncursed ring of protection from cold
   (You found it on level 10 of the Dungeon)
 H - an uncursed ring of resist corrosion
   (You found it on level 1 of the Dungeon)
 J - a cursed ring of attention {unknown}
   (You found it in an ice cave)
 O - the ring "Abiclohi" {Ice rN+ Int+2, unknown}
   (You found it in an ice cave)

   [ring of ice]

   It enhances your ice magic.
   It affects your intelligence (+2).
   It makes you vulnerable to fire.
   It protects you from cold.
   It protects you from negative energy.
 R - an uncursed ring of ice {unknown}
   (You found it in an ice cave)
Wands
 u - a wand of paralysis (6)
   (You found it in an ice cave)
 v - a wand of digging (5)
   (You found it on level 8 of the Dungeon)
 x - a wand of acid (4)
   (You found it in an ice cave)
 G - a wand of enslavement (10)
   (You found it on level 7 of the Dungeon)
Scrolls
 b - a scroll of identify {@r1}
 c - 2 scrolls of random uselessness
 d - 2 scrolls of teleportation {@r4}
 h - a scroll of blinking {unknown}
 l - 3 scrolls of remove curse {@r2}
 m - a scroll of amnesia
 n - a scroll of fear {unknown}
 q - 3 scrolls of immolation {!r}
 C - a scroll of enchant armour {unknown}
 L - a scroll of noise {unknown}
 N - a scroll of holy word {unknown}
 P - a scroll of vulnerability {unknown}
Potions
 f - a potion of berserk rage
 g - a potion of cancellation
 k - 3 potions of curing {@q1}
 s - 2 potions of lignification {!q}
 y - 4 potions of invisibility
 z - a potion of mutation {!q}
 A - a potion of brilliance
 B - 2 potions of flight
 D - a potion of magic
 F - a potion of resistance
 K - 2 potions of stabbing
 M - 3 potions of degeneration {!q}
Miscellaneous
 w - a phantom mirror
   (You found it in a bailey)


   Skills:
 * Level 17.6 Fighting
 - Level 8.5 Axes
 + Level 12.0 Armour
 - Level 2.1 Dodging
 + Level 11.7 Shields


You had 11 spell levels left.
You didn't know any spells.
Your spell library was empty.

Dungeon Overview and Level Annotations

Branches:
Dungeon (12/15)            Temple (0/1) D:6            Lair (0/6) D:11
    Orc (0/2) D:9          Bailey (visited)           IceCv (visited)

Altars:
Cheibriados
Kikubaaqudgha
Qazlal
Yredelemnul

Shops:
D:4 !   D:7 *


Innate Abilities, Weirdness & Mutations

You reflexively headbutt those who attack you in melee.
You have a pair of horns on your head.


Message History

The entropic weave corrodes you! You block the orc's attack.
The entropy weaver casts a spell at you.
The entropic weave corrodes you!
You hit the orc. Your headbutt misses the orc.
You feel sick. You block the orc's attack.
The orc priest miscasts a cantrip.
The orc hits you with a +0 whip. You block the orc's attack.
Unknown command.
You hit the orc but do no damage. Your headbutt misses the orc.
You feel sick.
The entropy weaver casts a spell at you.
The entropic weave corrodes you!
The orc priest mumbles some strange prayers to Beogh against you.
Beogh smites you!
* * * LOW HITPOINT WARNING * * *
You block the orc's attack. x2
The entropy weaver casts a spell at you.
The entropic weave corrodes you!
You slash the orc!
You kill the orc!
Trog accepts your kill.
You feel sick. You block the orc priest's attack.
You slash the orc priest!
You kill the orc priest!
Trog accepts your kill.
You feel the effects of Trog's Hand fading.
You block the entropy weaver's attack. x2; The entropy weaver hits you.
You block the entropy weaver's attack. The entropy weaver hits you!
* * * LOW HITPOINT WARNING * * *
The entropy weaver hits you!
* * * LOW HITPOINT WARNING * * *
The entropy weaver barely misses you. You block the entropy weaver's attack.
You hit the entropy weaver but do no damage.
You feel sick.
The entropy weaver points at you and mumbles some strange words.
The entropic weave corrodes you! The entropy weaver hits you!
* * * LOW HITPOINT WARNING * * *
You block the entropy weaver's attack. The entropy weaver hits you!
* * * LOW HITPOINT WARNING * * *
The entropy weaver hits you!
* * * LOW HITPOINT WARNING * * *
You feel much better. The entropy weaver hits you!
* * * LOW HITPOINT WARNING * * *
You block the entropy weaver's attack. The entropy weaver hits you.
* * * LOW HITPOINT WARNING * * *
You block the entropy weaver's attack. The entropy weaver hits you!
* * * LOW HITPOINT WARNING * * *
You block the entropy weaver's attack. The entropy weaver hits you!
* * * LOW HITPOINT WARNING * * *
The entropy weaver hits you!
You die...

*,*,....,.....##***** *,*,,,*
*,***#..##.....,,,,.***,**,,* *,*
#........####.,,**,**,,* ****,*
#.........)..,*,,,,,,,,*
**,,,,*###........#.#*,,,**,,,,,*
,,,,,,,........>....#**,***,,,,,,
**,,,****#....†...#** *,* *,,,,**
***** #.#..[#)## *,* *,,,,,,
#.#...#@# **,***,,,,,,
#.##.##B#****>*,,,,,,,,,
##########.##.##BB,,,,,,,,,,,,,,,
..............##B##*******,*,,,,,
.#########.#####.#***,,,,,,,,,,,,
.# #...,,...,,,,,,,**,**,,, <#
#####*###**,,,**,***,*,, (##
*,,***,,,*,**, ÷.# **,,**,,,,,**,


You could see 2 entropy weavers and 2 soldier ants.

Vanquished Creatures
  A white draconian (IceCv)
  A boulder beetle (D:11)
  A two-headed ogre (D:8)
  A tengu warrior (D:11)
  A skeletal warrior (D:8)
  An unseen horror (D:12)
  Pikel (D:4)
  An orc knight (Bailey)
  A cyclops (D:11)
  2 ugly things
  Maurice (D:9)
  4 rime drakes
  Maggie (D:7)
  A komodo dragon (D:11)
  A kobold demonologist (D:8)
  2 trolls
  15 polar bears (IceCv)
  Sigmund (D:4)
  A wraith (D:11)
  23 yaks
  6 soldier ants (D:12)
  An ice beast (D:8)
  12 orc warriors
  Duvessa (D:7)
  3 black bears
  A hornet zombie (D:10)
  2 sky beasts
  4 ogres
  2 phantoms
  2 necrophages (D:8)
  3 centaurs (D:5)
  10 wolves (IceCv)
  A lemure (D:4)
  8 big kobolds
  8 bullfrogs
  A wyvern skeleton (D:9)
  5 scorpions
  A water moccasin skeleton (D:4)
  18 killer bees
  12 wights
  3 howler monkeys
  3 bullfrog zombies
  3 bullfrog skeletons
  5 hounds
  10 orc priests
  6 jellies
  7 orc wizards
  2 iguanas
  12 worker ants
  A hound zombie (D:8)
  Robin (D:3)
  13 gnolls
  2 worker ant zombies
  14 adders
  5 shadow imps
  A white imp (D:8)
  2 ufetubi
  2 oozes (D:1)
  An adder skeleton (D:7)
  3 adder zombies
  2 worms
  3 dart slugs
  10 leopard geckos
  46 orcs
  6 bats
  A giant cockroach (D:6)
  17 goblins
  14 hobgoblins
  24 jackals
  6 quokkas
  A ball python (D:3)
  8 frilled lizards
  A jackal skeleton (D:7)
  55 kobolds
  10 kobold skeletons (D:8)
  8 kobold zombies (D:8)
  A leopard gecko zombie (D:5)
  A quokka skeleton (D:4)
  A quokka zombie (D:5)
  9 rats
482 creatures vanquished.

Vanquished Creatures (collateral kills)
  A two-headed ogre (D:8)
  The ghost of ifreund the Skirmisher, a novice DsFi (D:6)
  3 soldier ants (D:12)
  An orc warrior (Bailey)
  A black bear (D:12)
  Dowan (D:7)
  A wight (D:8)
  A jelly (D:12)
  2 worker ants (D:12)
12 creatures vanquished.

Vanquished Creatures (others)
  5 fungi (D:11)
  5 plants (D:11)
  4 withered plants (D:8)
14 creatures vanquished.

Grand Total: 508 creatures vanquished

Notes
Turn   | Place    | Note
-------+----------+-------------------------------------------
     0 | D:1      | Notrik the Minotaur Berserker began the quest for the Orb.
     0 | D:1      | Reached XP level 1. HP: 19/19 MP: 0/0
    61 | D:1      | Reached skill level 4 in Fighting
   342 | D:1      | Reached XP level 2. HP: 28/28 MP: 1/1
   451 | D:1      | Reached skill level 5 in Fighting
   560 | D:1      | Reached XP level 3. HP: 35/36 MP: 2/2
   664 | D:1      | Reached ** piety under Trog
   948 | D:1      | Found a snail-covered altar of Cheibriados.
  1180 | D:2      | Reached skill level 6 in Fighting
  1180 | D:2      | Reached XP level 4. HP: 39/44 MP: 3/3
  1298 | D:2      | Noticed a phantom
  1368 | D:2      | Killed a phantom
  1368 | D:2      | Reached skill level 7 in Fighting
  1368 | D:2      | Reached XP level 5. HP: 31/52 MP: 4/4
  2179 | D:3      | Reached *** piety under Trog
  2408 | D:3      | Reached skill level 8 in Fighting
  2408 | D:3      | Reached XP level 6. HP: 61/61 MP: 5/5
  2438 | D:3      | Reached skill level 9 in Fighting
  2982 | D:3      | Noticed Robin
  2997 | D:3      | Killed Robin
  3001 | D:3      | Reached **** piety under Trog
  3349 | D:4      | Reached XP level 7. HP: 67/71 MP: 6/6
  3389 | D:4      | Reached skill level 10 in Fighting
  3646 | D:4      | Noticed Sigmund
  3669 | D:4      | Killed Sigmund
  3743 | D:4      | Reached skill level 11 in Fighting
  3894 | D:4      | Reached XP level 8. HP: 78/82 MP: 7/7
  4297 | D:4      | Noticed Pikel
  4309 | D:4      | Killed Pikel
  4309 | D:4      | Reached skill level 5 in Axes
  4458 | D:4      | Found Sonkio's Distillery.
  4461 | D:4      | Bought a potion of lignification for 36 gold pieces
  4461 | D:4      | Bought a potion of degeneration for 12 gold pieces
  4461 | D:4      | Bought a potion of brilliance for 48 gold pieces
  4554 | D:5      | Entered Level 5 of the Dungeon
  4658 | D:5      | Reached ***** piety under Trog
  4856 | D:5      | Reached XP level 9. HP: 72/90 MP: 8/8
  5451 | D:6      | Reached skill level 5 in Armour
  5453 | D:6      | Reached skill level 12 in Fighting
  5500 | D:6      | Found a large runed translucent door.
  5500 | D:6      | Found a large runed translucent door.
  5503 | D:6      | Noticed ifreund's ghost (novice DsFi)
  5816 | D:6      | Found a staircase to the Ecumenical Temple.
  5888 | D:6      | Killed ifreund's ghost
  5888 | D:6      | Reached skill level 5 in Shields
  6101 | D:4      | Bought a potion of heal wounds for 60 gold pieces
  6101 | D:4      | Bought a potion of resistance for 120 gold pieces
  6236 | D:7      | Noticed Duvessa
  6247 | D:7      | Killed Duvessa
  6256 | D:7      | Noticed Dowan
  6261 | D:7      | Killed Dowan
  6361 | D:7      | Found a stormy altar of Qazlal.
  6455 | D:7      | Found Sawoadum's Evil Emporium.
  6456 | D:7      | Found a basalt altar of Yredelemnul.
  6499 | D:7      | Noticed Maggie
  6519 | D:7      | Killed Maggie
  6748 | D:8      | Reached XP level 10. HP: 96/100 MP: 9/9
  6785 | D:8      | Noticed a two-headed ogre
  6793 | D:8      | Killed a two-headed ogre
  6931 | D:8      | Received a gift from Trog
  7001 | D:8      | Reached skill level 13 in Fighting
  7033 | D:8      | Noticed a two-headed ogre
  7044 | D:8      | Killed a two-headed ogre
  7316 | D:8      | Found an ancient bone altar of Kikubaaqudgha.
  7322 | D:8      | Noticed an orange demon
  7327 | D:8      | Noticed a smoke demon
  7720 | D:8      | Got a crude scimitar
  7776 | D:8      | Noticed a skeletal warrior
  7804 | D:8      | Killed a skeletal warrior
  7804 | D:8      | Reached skill level 14 in Fighting
  7919 | D:8      | Identified the +6 scimitar of Qauseb {vorpal, Fragile rElec
                  | MR- Str+5} (You found it on level 8 of the Dungeon)
  8140 | D:9      | Found a flagged portal.
  8154 | Bailey   | Entered a bailey
  8186 | Bailey   | Noticed an orc knight
  8190 | Bailey   | Reached XP level 11. HP: 53/110 MP: 10/10
  8197 | Bailey   | Killed an orc knight
  8504 | D:9      | Found a staircase to the Orcish Mines.
  8693 | D:9      | Noticed Maurice
  8986 | D:9      | Killed Maurice
  9747 | D:10     | Entered Level 10 of the Dungeon
  9773 | D:10     | Got an amber-encrusted ring mail
  9784 | D:10     | Identified the +1 ring mail "Ipoegh" {rElec MP+9} (You
                  | found it on level 10 of the Dungeon)
  9901 | D:10     | Reached skill level 15 in Fighting
 10623 | D:11     | Noticed a purple ugly thing
 10630 | D:11     | Killed a purple ugly thing
 10630 | D:11     | Reached skill level 10 in Armour
 10773 | D:11     | Noticed a boulder beetle
 10801 | D:11     | Killed a boulder beetle
 10801 | D:11     | Reached skill level 10 in Shields
 10882 | D:11     | Found a staircase to the Lair.
 10901 | D:11     | Found Benemueh's Antique Armour Emporium.
 11134 | D:11     | Noticed a tengu warrior
 11148 | D:11     | Killed a tengu warrior
 11395 | D:12     | Noticed a brown ugly thing
 11404 | D:12     | Killed a brown ugly thing
 11404 | D:12     | Reached skill level 16 in Fighting
 11410 | D:12     | Reached XP level 12. HP: 122/122 MP: 11/11
 11523 | D:12     | Found a frozen archway.
 11531 | IceCv    | Entered an ice cave
 11899 | IceCv    | Received a gift from Trog
 12049 | IceCv    | Reached skill level 17 in Fighting
 12110 | IceCv    | Noticed a white draconian
 12133 | IceCv    | Killed a white draconian
 12251 | IceCv    | Got a sparkling platinum ring
 12791 | D:12     | Noticed an entropy weaver
 12802 | D:12     | Noticed an entropy weaver
 12822 | D:12     | Slain by an entropy weaver

Illustrated notes

Levels and vault maps discovered:
D:1:      lightli_arrival_statue_moat, layout_loops_ring, cheibriados_altar_1
D:2:      layout_basic
D:3:      layout_basic, minmay_crystal_water, kennysheep_generic_room_10,
          uniq_robin
D:4:      layout_cave_pods, serial_shops, kennysheep_mini, uniq_pikel,
          uniq_sigmund
D:5:      layout_gridville, grunt_ministairs_14
D:6:      layout_rooms, minmay_temple_entry_waves, ebering_ghost_disaster_area
D:7:      layout_cave_pools, nicolae_qazlal_general_emergency, moated_statue,
          nicolae_evil_shop, uniq_maggie, uniq_duvessa
D:8:      wander_kiku_kobolds, layout_basic, serial_undead, serial_undead_b,
          serial_undead_b, serial_undead_c, serial_undead_c, st_stairs_12
D:9:      layout_layer_cave, orc_0_dummy, enter_bailey_2, uniq_maurice
D:10:     layout_loops_ring, kennysheep_generic_room_9
D:11:     layout_roguey, grunt_lair_entry_orc_guard_hut, serial_shops,
          nicolae_shop_trees, hangedman_corner_corridor
D:12:     layout_loops_ring, portal_ice_cave_rime, minivault_29

Skill      XL: |  1  2  3  4  5  6  7  8  9 10 11 12 |
---------------+-------------------------------------+-----
Fighting       | 4 5 6 7 8 9 11 12 14 16 17 | 17.6
Axes           | 4 6 8 |  8.5
Armour         | 4 7 8 10 12 | 12.0
Shields        | 4 6 8 10 11 | 11.7
Dodging        | |  2.1

Action                   |  1- 3 |  4- 6 |  7- 9 | 10-12 || total
-------------------------+-------+-------+-------+-------++-------
Melee: Hand axe          |    92 |   203 |       |       ||   295
       Headbutt          |    13 |    37 |    34 |   137 ||   221
       War axe           |       |       |   248 |    22 ||   270
       Quick blade       |       |       |       |   192 ||   192
       Broad axe         |       |       |       |   530 ||   530
Invok: Berserk           |       |     1 |     5 |     9 ||    15
       Trog's Hand       |       |       |     3 |     5 ||     8
       Brothers in Arms  |       |       |     2 |     3 ||     5
  Use: Scroll            |       |       |    10 |    11 ||    21
       Potion            |       |       |       |     5 ||     5
Armor: Scale mail        |    27 |       |       |       ||    27
       Plate armour      |    19 |   140 |   145 |   492 ||   796
       Ring mail         |       |       |       |    42 ||    42
Dodge: Dodged            |    40 |    79 |    66 |   271 ||   456
Block: Kite shield       |       |       |   106 |   271 ||   377
       Tower shield      |       |       |       |   612 ||   612

Table legend: (Time is in decaauts)
 A = Elapsed time spent in this place.
 B = Non-inter-level travel time spent in this place.
 C = Inter-level travel time spent in this place.
 D = Time resting spent in this place.
 E = Time spent auto-exploring this place.
 F = Levels seen in this place.
 G = Mean time per level.
                   A        B        C        D        E       F      G
               +--------+--------+--------+--------+--------+-----+--------+
         Total |  13185 |  12429 |    756 |   1286 |   7993 |  14 |  941.8 |
       Dungeon |  11656 |  10900 |    756 |   1046 |   7388 |  12 |  971.3 |
        Bailey |    265 |    265 |      0 |     45 |      8 |   1 |  265.0 |
      Ice Cave |   1263 |   1263 |      0 |    194 |    597 |   1 | 1263.0 |
               +--------+--------+--------+--------+--------+-----+--------+

Top non-repeatable levels by time:
     D:9: 1419 daAuts
     D:8: 1404 daAuts
     D:4: 1330 daAuts
     D:3: 1316 daAuts
   IceCv: 1263 daAuts
     D:2: 1087 daAuts
     D:1: 992 daAuts
     D:5: 969 daAuts
    D:11: 940 daAuts
    D:10: 806 daAuts
     D:6: 642 daAuts
     D:7: 505 daAuts
  Bailey: 265 daAuts
    D:12: 241 daAuts
